 Dungeon Crawl Stone Soup version 0.28.0-43-g3370ac3207 (webtiles) character file.

Game seed: 7247016631763131055

1421 zeram the Cleaver (level 8, -3/70 HPs)
             Began as a Hill Orc Fighter on Mar 6, 2022.
             Slain by a spatial maelstrom (6 damage)
             ... on level 1 of the Abyss.
             The game lasted 00:07:56 (4267 turns).

zeram the Cleaver (Hill Orc Fighter)                Turns: 4267, Time: 00:07:57

Health: -3/70      AC: 16    Str: 21    XL:     8   Next: 72%
Magic:  8/8        EV: 10    Int: 14    God:
Gold:   347        SH:  4    Dex: 10    Spells: 7/7 levels left

rFire   . . .      SeeInvis +   a - +0 war axe
rCold   . . .      Faith    .   c - +0 buckler
rNeg    . . .      Spirit   .   b - +0 scale mail
rPois   .          Reflect  .   j - +1 helmet {SInv}
rElec   .          Harm     .   (no cloak)
rCorr   .          Rampage  .   s - +0 pair of gloves
Will    .....                   f - +0 pair of boots
Stlth   ..........              n - amulet of magic regeneration
HPRegen 0.21/turn               k - +6 ring of intelligence
MPRegen 0.51/turn               q - +4 ring of protection

@: about to teleport
A: no striking features
a: no special abilities


You were on level 1 of the Abyss.
You visited 1 branch of the dungeon, and saw 6 of its levels.
You visited the Abyss 1 time.

You collected 347 gold pieces.

Inventory:

Hand Weapons
 a - a +0 war axe (weapon)
 t - a +3 trident
Missiles
 m - a throwing net (quivered)
Armour
 b - a +0 scale mail (worn)
 c - a +0 buckler (worn)
 f - a +0 pair of boots (worn)
 g - the +0 helmet of the Tundras {rC+++}
   (You acquired it on level 1 of the Dungeon)

   rC:        It renders you almost immune to cold.
 j - a +1 helmet of see invisible (worn)
 s - a +0 pair of gloves (worn)
Jewellery
 k - a +6 ring of intelligence (left hand)
 n - an amulet of magic regeneration (around neck)
 q - a +4 ring of protection (right hand)
Wands
 d - a wand of flame (11)
 i - a wand of charming (9)
Scrolls
 e - a scroll of fog
 r - 2 scrolls of teleportation
Potions
 h - a potion of ambrosia
 l - 2 potions of heal wounds
 o - a potion of flight {unknown}
 p - a potion of resistance {unknown}
 u - a potion of curing
 v - a potion of degeneration


   Skills:
 + Level 6.1 Fighting
 + Level 9.7 Axes
 + Level 6.1 Armour
 + Level 2.1 Dodging
 + Level 4.8 Shields


You had 7 spell levels left.
You didn't know any spells.
Your spell library contained the following spells:

 Spells                   Type           Power      Damage    Failure   Level
 Animate Skeleton         Necr           0%         N/A       67%         1
 Frozen Ramparts          Ice            0%         1d2       96%         3
 Ice Form                 Ice/Tmut       0%         N/A       100%        4
 Summon Ice Beast         Ice/Summ       0%         N/A       100%        4


Dungeon Overview and Level Annotations

Branches:
Dungeon (6/15)
 Temple: D:4-7

Altars:
Elyvilon
Kikubaaqudgha
Trog
Zin
The Shining One

Shops:
D:4 (


Message History

* * * LOW HITPOINT WARNING * * *
The caustic shrike skeleton claws you but does no damage.
The caustic shrike skeleton barely misses you.
The caustic shrike skeleton claws you.
* * * LOW HITPOINT WARNING * * *
You are suddenly pulled into a different region of the Abyss!
Found a corrupted altar of Lugonu.
There is a corrupted altar of Lugonu here.
You kneel at the altar of Lugonu.
A small abomination comes into view.
A spatial vortex comes into view.
A spatial maelstrom comes into view.
A spatial vortex comes into view. x2
The spatial vortex moves out of view.
A starcursed mass comes into view.
A starcursed mass splits.
A spatial vortex comes into view.
As you read the scroll of teleportation, it crumbles to dust.
You feel strangely unstable.
You feel the power of the Abyss delaying your translocation!
A starcursed mass splits. x2
A spatial vortex comes into view.
A spatial vortex comes into view.
The spatial vortex moves out of view.
A daeva and a deep elf elementalist come into view.
The daeva is wielding a +2 scimitar of holy wrath.
The daeva shouts!
The deep elf elementalist shouts!
A starcursed mass splits. x2
You hear rumbling.
A starcursed mass splits.
A spatial vortex comes into view.
The spatial vortex closely misses you.
You block the spatial maelstrom's attack.
The spatial maelstrom misses you. The spatial maelstrom hits you.
Space warps horribly around you!
* * * LOW HITPOINT WARNING * * *
The spatial maelstrom hits you!
* * * LOW HITPOINT WARNING * * *
Space warps around you.
You die...

v. ............ .. ##v
.............. # ....
#.. #..##..# .#
#...##X.##..##..##.#
#... ....X..........
.......XX......... #
#..##..#...##..#
#....##.*##xX##..##.#.#
#..........v..v@......#
..####.####..#.##...#.
#*.#.#..ยง.#.A .#
.#.#..###.#.e ##
##..... #.## . # #.###
.#e... . #...#x#.#....#
## #.# ....##. . ##. .
. . # . # #...# *# .
.##.#.# ... .


You could see a starcursed mass, a spatial maelstrom, a deep elf elementalist
(repels missiles), a spatial vortex, a small abomination and a lurking horror.

Vanquished Creatures
  The ghost of Ekaitz the Firebug, a novice DsFE (D:5)
  Grinder (D:6)
  The ghost of pkoi the Gusty, an amateur DrAE (D:5)
  A water moccasin (D:5)
  A hornet zombie (D:5)
  An ogre (D:4)
  Blork the orc (D:5)
  A scorpion (D:5)
  A water moccasin zombie (D:6)
  A water moccasin skeleton (D:4)
  2 bullfrog skeletons (D:5)
  A jelly (D:4)
  Terence (D:2)
  3 gnolls (D:3)
  5 adders
  An ufetubus (D:5)
  A worm (D:3)
  3 dart slugs
  An orc (D:6)
  8 ball pythons
  4 bats
  4 giant cockroaches
  4 hobgoblins
  4 quokkas
  5 frilled lizards
  11 goblins
  3 kobolds
  4 rats
75 creatures vanquished.

Vanquished Creatures (others)
  3 plants (D:3)
3 creatures vanquished.

Grand Total: 78 creatures vanquished

Notes
Turn   | Place    | Note
-------+----------+-------------------------------------------
     0 | D:1      | zeram the Hill Orc Fighter began the quest for the Orb.
     0 | D:1      | Reached XP level 1. HP: 19/19 MP: 1/1
     2 | D:1      | Noticed a demigod
     2 | D:1      | Noticed a dwarf
     4 | D:1      | Noticed a spriggan
     6 | D:1      | Noticed a vampire
     8 | D:1      | Noticed a draconian
    10 | D:1      | Noticed a human
    12 | D:1      | Noticed a demonspawn
    14 | D:1      | Noticed an elf
    14 | D:1      | Noticed a felid
    16 | D:1      | Noticed a gargoyle
    16 | D:1      | Noticed an octopode
    18 | D:1      | Noticed a formicid
    18 | D:1      | Noticed a merfolk
    20 | D:1      | Noticed an ogre
    20 | D:1      | Noticed a naga
    22 | D:1      | Noticed a minotaur
    22 | D:1      | Noticed a troll
    24 | D:1      | Noticed a tengu
    24 | D:1      | Noticed a ghoul
    26 | D:1      | Noticed a vine stalker
   250 | D:1      | Reached XP level 2. HP: 27/27 MP: 2/2
   458 | D:1      | Reached skill level 3 in Axes
   551 | D:1      | Identified a scroll of acquirement
   551 | D:1      | Acquired the +0 helmet of the Tundras {rC+++}
   660 | D:2      | Noticed Terence
   668 | D:2      | Killed Terence
   669 | D:2      | Reached XP level 3. HP: 26/33 MP: 3/3
   796 | D:2      | Found a white marble altar of Elyvilon.
  1256 | D:3      | Reached XP level 4. HP: 40/40 MP: 4/4
  1264 | D:3      | Found a faded altar of an unknown god.
  1303 | D:3      | Got Plato's Guide on Sinister Arts
  1365 | D:3      | Found a glowing silver altar of Zin.
  1418 | D:3      | Reached skill level 4 in Axes
  1627 | D:3      | Reached XP level 5. HP: 33/47 MP: 5/5
  2063 | D:4      | Found a bloodstained altar of Trog.
  2175 | D:4      | Found Arynas's Weapon Shoppe.
  2181 | D:4      | Reached skill level 5 in Axes
  2321 | D:4      | Noticed an ogre
  2326 | D:4      | Killed an ogre
  2327 | D:4      | Reached XP level 6. HP: 55/55 MP: 6/6
  2548 | D:4      | Reached skill level 6 in Axes
  2718 | D:5      | Entered Level 5 of the Dungeon
  2727 | D:5      | Noticed Blork the orc
  2921 | D:5      | Killed Blork the orc
  2922 | D:5      | Reached skill level 5 in Fighting
  2951 | D:5      | Noticed a water moccasin
  2954 | D:5      | Reached XP level 7. HP: 60/61 MP: 7/7
  2971 | D:5      | Reached skill level 7 in Axes
  2971 | D:5      | Reached skill level 1 in Dodging
  2977 | D:5      | Reached skill level 5 in Armour
  3478 | D:5      | Found a runed translucent gate.
  3480 | D:5      | Found a runed translucent gate.
  3480 | D:5      | Found a runed translucent gate.
  3656 | D:5      | Found a glowing golden altar of the Shining One.
  3741 | D:5      | Noticed pkoi's ghost (amateur DrAE)
  3741 | D:5      | Noticed Ekaitz's ghost (novice DsFE)
  3822 | D:5      | Killed Ekaitz's ghost
  3823 | D:5      | Reached skill level 8 in Axes
  3823 | D:5      | Reached XP level 8. HP: 59/70 MP: 8/8
  3825 | D:5      | Killed pkoi's ghost
  3826 | D:5      | Reached skill level 9 in Axes
  3925 | D:6      | Noticed Grinder
  3928 | D:6      | Paralysed by Grinder for 7 turns
  3947 | D:6      | Killed Grinder
  4120 | D:6      | Found an ancient bone altar of Kikubaaqudgha.
  4147 | D:6      | Cast into level 1 of the Abyss (wight)
  4176 | Abyss:1  | Noticed a caustic shrike skeleton
  4182 | Abyss:1  | Noticed a raiju
  4200 | Abyss:1  | Found a corrupted altar of Lugonu.
  4256 | Abyss:1  | Noticed a spatial maelstrom
  4258 | Abyss:1  | Noticed a starcursed mass
  4263 | Abyss:1  | Noticed a daeva
  4263 | Abyss:1  | Noticed a deep elf elementalist
  4267 | Abyss:1  | HP: 3/70 [spatial maelstrom (11)]
  4267 | Abyss:1  | Slain by a spatial maelstrom

Illustrated notes

Levels and vault maps discovered:
D:1:      kb_arrival_jail, layout_basic
D:2:      layout_basic, basic_altar, uniq_terence
D:3:      minmay_chambers_of_twos, layout_rooms, amcnicky_altar_gilded,
          shapermc_ecumenical_altar_rom_forum
D:4:      layout_basic, mainiacjoe_overflow_tiny_flanked, serial_shops,
          nicolae_shop_bloodbath_and_beyond
D:5:      layout_loops_ring, lemuel_coloured_pillars_altar,
          gammafunk_ghost_cemetery, grunt_ministairs_10, uniq_blork_the_orc
D:6:      layout_rooms, fedhas_altar_2, grunt_temple_overflow_open,
          nicolae_kikubaaqudgha_miasma_corner, gup_sewer_entry_bowl,
          minmay_pentangle, uniq_grinder
Abyss:1:  base:
D:1

Skill      XL: |  1  2  3  4  5  6  7  8 |
---------------+-------------------------+-----
Axes           | 3 4 5 6 8 9 |  9.7
Fighting       | 4 5 6 |  6.1
Armour         | 4 5 6 |  6.1
Shields        | 4 |  4.8
Dodging        | 1 2 |  2.1

Action                   |  1- 3 |  4- 6 |  7- 9 || total
-------------------------+-------+-------+-------++-------
Melee: War axe           |    52 |   126 |    83 ||   261
  Use: Scroll            |     5 |     4 |     3 ||    12
       Potion            |       |     2 |     4 ||     6
 Stab: Invisible         |       |       |     7 ||     7
Armor: Scale mail        |    23 |    75 |    55 ||   153
Dodge: Dodged            |    14 |    80 |    41 ||   135
Block: Buckler           |    10 |    28 |    25 ||    63
